[Event "December 5 Late 2023"]
[Site "https://www.chess.com"]
[Date "2023.12.05"]
[Round "7"]
[White "Iskusnyh, Sergei"]
[Black "Rustemov, Alexander"]
[Result "0-1"]
[Board "34"]
[TimeControl "180+1"]
[WhiteFideId "4120027"]
[BlackFideId "4119002"]
[WhiteElo "2578"]
[BlackElo "2833"]
[WhiteTeam "RUS"]
[BlackTeam "RUS"]
[WhiteClock "0:00:00"]
[BlackClock "0:00:33"]

1. d4 d5 2. c4 dxc4 3. e3 e6 4. Bxc4 c5 5. Nf3 a6 6. O-O Nf6 7. Nc3 b5 8. Be2 Bb7 9. dxc5 Qxd1 10. Rxd1 Bxc5 11. Nd2 Nbd7 12. Nb3 Bb6 13. a4 b4 14. a5 Bxe3 15. Bxe3 bxc3 16. bxc3 O-O 17. c4 Rfc8 18. Rab1 Be4 19. Rbc1 Rab8 20. Nd4 Nc5 21. f3 Bg6 22. Bf1 e5 23. Ne2 Nb3 24. Rc3 Nxa5 25. c5 Nc6 26. Ng3 a5 27. Rd6 Ne8 28. Rd7 Rc7 29. Rd1 f6 30. h4 h5 31. Bc4+ Bf7 32. Nxh5 Bxc4 33. Rxc4 Rb4 34. Rdc1 Rcb7 35. Ng3 Kf7 36. Ne4 Ke6 37. R4c2 a4 38. Rd1 Rb1 39. Rxb1 Rxb1+ 40. Kh2 f5 41. Ng5+ Ke7 42. Rc4 Rb4 43. Rc3 Rxh4+ 44. Kg1 Rb4 45. Rd3 Rb3 46. Rxb3 axb3 47. Bc1 Na5 48. Kf1 Nc4 49. c6 b2 50. Bxb2 Nxb2 51. Ke2 Nc7 52. Ke3 Kf6 53. Nh7+ Ke7 54. Ng5 Nc4+ 55. Kd3 Nd6 56. g4 Ne6 0-1

[Event "December 5 Late 2023"]
[Site "https://www.chess.com"]
[Date "2023.12.05"]
[Round "7"]
[White "Livaic, Leon"]
[Black "Erdogan, Anil Berk"]
[Result "0-1"]
[Board "35"]
[TimeControl "180+1"]
[WhiteFideId "14531534"]
[BlackFideId "6348173"]
[WhiteElo "2831"]
[BlackElo "2585"]
[WhiteTeam "CRO"]
[BlackTeam "TUR"]
[WhiteClock "0:00:00"]
[BlackClock "0:00:05"]

1. d4 Nf6 2. c4 c5 3. d5 e6 4. Nc3 exd5 5. cxd5 d6 6. e4 g6 7. f4 Bg7 8. Bb5+ Nbd7 9. e5 dxe5 10. fxe5 Nh5 11. e6 Qh4+ 12. g3 Nxg3 13. exd7+ Bxd7 14. Bxd7+ Kxd7 15. hxg3 Bxc3+ 16. bxc3 Rhe8+ 17. Kf2 Qxh1 18. Qa4+ Ke7 19. Nf3 Kf8 20. Qh4 Re2+ 21. Kxe2 Qg2+ 22. Ke3 Re8+ 23. Kf4 Qc2 24. g4 Qxc3 25. Rb1 g5+ 26. Qxg5 f6 27. Qh6+ Kg8 28. Rxb7 Qxc1+ 29. Kg3 Qxh6 30. d6 Rd8 31. Nh4 Qe3+ 32. Nf3 Rxd6 33. Rxa7 Rd3 0-1

[Event "December 5 Late 2023"]
[Site "https://www.chess.com"]
[Date "2023.12.05"]
[Round "7"]
[White "Yuan, Qingyu"]
[Black "Kashefi, Amir Hosein"]
[Result "1-0"]
[Board "36"]
[TimeControl "180+1"]
[WhiteFideId "8609772"]
[BlackFideId "12557935"]
[WhiteElo "2817"]
[BlackElo "2555"]
[WhiteTeam "CHN"]
[BlackTeam "IRI"]
[WhiteClock "0:00:51"]
[BlackClock "0:00:00"]

1. e4 c6 2. d4 d5 3. exd5 cxd5 4. Bd3 Nf6 5. h3 Nc6 6. c3 g6 7. Nf3 Bf5 8. O-O Bxd3 9. Qxd3 Bg7 10. Bf4 O-O 11. Nbd2 Rc8 12. Rfe1 a6 13. Nb3 Ne4 14. Nfd2 Nxd2 15. Qxd2 b6 16. Qd3 Ra8 17. Re2 e6 18. Rae1 Qd7 19. h4 Na5 20. Nxa5 bxa5 21. b3 a4 22. b4 Qb5 23. Qc2 Rfc8 24. Qd2 Qc4 25. Re3 a5 26. Bd6 axb4 27. Bxb4 a3 28. Rf3 Rab8 29. Bxa3 Ra8 30. Bc5 Rc7 31. Qf4 Rb7 32. a3 Bf8 33. Bb4 Bxb4 34. cxb4 Qa2 35. Ree3 Rc8 36. Kh2 Rbc7 37. h5 Qb1 38. Qe5 Rc1 39. Kg3 gxh5 40. Rf6 h4+ 41. Kxh4 Rh1+ 42. Kg3 Rcc1 43. Qg5+ Kf8 44. Rexe6 Rcg1 45. Rxf7+ Kxf7 46. Qf6+ 1-0

[Event "December 5 Late 2023"]
[Site "https://www.chess.com"]
[Date "2023.12.05"]
[Round "7"]
[White "Kopczynski, Michal"]
[Black "Slugin, Sergey"]
[Result "1-0"]
[Board "38"]
[TimeControl "180+1"]
[WhiteFideId "1124200"]
[BlackFideId "4122569"]
[WhiteElo "2545"]
[BlackElo "2742"]
[WhiteTeam "POL"]
[BlackTeam "RUS"]
[WhiteClock "0:00:02"]
[BlackClock "0:00:00"]

1. e4 c5 2. d4 cxd4 3. c3 dxc3 4. Nxc3 e6 5. f4 Ne7 6. Nf3 Ng6 7. Bd3 Nc6 8. O-O Bc5+ 9. Kh1 O-O 10. Qe1 d5 11. exd5 exd5 12. f5 Re8 13. Qg3 Bd6 14. Qf2 Nge5 15. Nxe5 Bxe5 16. Bf4 Nb4 17. Rad1 Bxc3 18. bxc3 Nxd3 19. Rxd3 Bxf5 20. Rg3 Bg6 21. Bg5 Qd7 22. h4 Re4 23. Rh3 h5 24. Rf3 a6 25. Rd1 Qe6 26. Be3 Re8 27. Bd4 Re1+ 28. Rxe1 Qxe1+ 29. Qxe1 Rxe1+ 30. Kh2 Re2 31. Rf2 Re6 32. a4 Bd3 33. Rb2 b5 34. axb5 Bxb5 35. Kg3 f6 36. Kf4 Kf7 37. Kf3 g5 38. hxg5 fxg5 39. Kg3 Kg6 40. Rf2 Rc6 41. Rf8 a5 42. Rg8+ Kf5 43. Rf8+ Ke4 44. Rg8 h4+ 45. Kg4 a4 46. Rxg5 a3 47. Re5+ Kd3 48. Rxd5 Kc4 49. Re5 a2 50. Re1 Ra6 51. Ra1 Kb3 52. c4 Kxc4 53. Bf2 Ra4 54. Bxh4 Kb3+ 55. Kg3 Kb2 56. Bf6+ Kb3 57. Kf3 Bc6+ 58. Ke3 Bxg2 59. Bd4 Bd5 60. Be5 Bf7 61. Bd4 Bg6 62. Bf6 Bb1 63. Bd4 Ra6 64. Be5 Re6 65. Kd4 Re8 66. Kd5 Rd8+ 67. Ke6 Rd1 68. Kf6 Rf1+ 69. Ke6 Kc4 70. Kd6 Rd1+ 71. Ke6 Re1 72. Kf6 Rf1+ 73. Ke6 Rh1 74. Kf6 Kd5 75. Bb2 Rh2 76. Bc3 Rc2 77. Bb4 Kc4 78. Bd6 Kd5 79. Bb4 Rc4 80. Be7 1-0

[Event "December 5 Late 2023"]
[Site "https://www.chess.com"]
[Date "2023.12.05"]
[Round "7"]
[White "Wafa, Hamed"]
[Black "Shapiro, Viktor"]
[Result "1-0"]
[Board "39"]
[TimeControl "180+1"]
[WhiteFideId "10628452"]
[BlackFideId "4175700"]
[WhiteElo "2711"]
[BlackElo "2535"]
[WhiteTeam "EGY"]
[BlackTeam "RUS"]
[WhiteClock "0:00:17"]
[BlackClock "0:00:06"]

1. e4 Nf6 2. e5 Nd5 3. Nf3 d6 4. d4 Bg4 5. Be2 e6 6. O-O Be7 7. h3 Bf5 8. c4 Nb6 9. Nc3 O-O 10. Be3 dxe5 11. Nxe5 N8d7 12. Nxd7 Nxd7 13. Bf3 c6 14. Re1 Nf6 15. Qb3 Qc7 16. Rac1 Rac8 17. d5 Qa5 18. Qxb7 Rc7 19. Qb3 cxd5 20. cxd5 Rfc8 21. dxe6 Bxe6 22. Qb5 Bb4 23. Qxa5 Bxa5 24. Nb5 Bxe1 25. Nxc7 Bxa2 26. Rxe1 Rxc7 27. Ra1 Bd5 28. Bxd5 Nxd5 29. Rxa7 Rc8 30. Bd4 f6 31. Rd7 Nf4 32. Be3 Ng6 33. b4 Rb8 34. Bc5 Ne5 35. Rd4 Nc6 36. Rc4 Kf7 37. Bd6 Rb6 38. b5 Na5 39. Rc7+ Ke6 40. Bg3 g5 41. Rxh7 Rxb5 42. h4 Nc4 43. hxg5 Rxg5 44. Ra7 Rc5 45. Ra6+ Kf5 46. Kh2 Ne5 47. Bh4 Ng4+ 48. Kg3 Rc3+ 49. f3 Ne3 50. Rxf6+ Ke5 51. Rf8 Rc2 52. Bf6+ Ke6 53. Re8+ Kxf6 54. Rxe3 Kf5 55. Ra3 Rc8 56. Ra5+ Ke6 57. Kf4 Kd6 58. g4 Rf8+ 59. Rf5 Rg8 60. g5 Ra8 61. g6 Ke7 62. Kg5 Ra4 63. Rf7+ Ke6 64. f4 Ra1 65. f5+ Ke5 66. g7 Rg1+ 67. Kh6 Kd6 68. Kh7 Rh1+ 69. Kg8 Ke5 70. Kf8 Rg1 71. g8=Q Rxg8+ 72. Kxg8 Kf4 73. f6 Ke5 74. Kg7 1-0

[Event "December 5 Late 2023"]
[Site "https://www.chess.com"]
[Date "2023.12.05"]
[Round "7"]
[White "Hambleton, Aman"]
[Black "Makaraci, Tunahan"]
[Result "1-0"]
[Board "40"]
[TimeControl "180+1"]
[WhiteFideId "2606577"]
[BlackFideId "6356559"]
[WhiteElo "2705"]
[BlackElo "2532"]
[WhiteTeam "CAN"]
[BlackTeam "TUR"]
[WhiteClock "0:01:39"]
[BlackClock "0:01:34"]

1. e4 Nf6 2. Bc4 Nxe4 3. Bxf7+ Kxf7 4. Qh5+ Kg8 5. Qd5+ e6 6. Qxe4 g6 7. Nf3 Bg7 8. Nc3 d5 9. Qe2 Nc6 10. d4 Nxd4 11. Nxd4 Bxd4 12. Bh6 Bg7 13. Bxg7 Kxg7 14. Qe5+ Kf7 15. O-O-O Qd6 16. Qxh8 1-0

[Event "December 5 Late 2023"]
[Site "https://www.chess.com"]
[Date "2023.12.05"]
[Round "7"]
[White "Bold, Andre"]
[Black "Pakleza, Zbigniew"]
[Result "1/2-1/2"]
[Board "41"]
[TimeControl "180+1"]
[WhiteFideId "16208471"]
[BlackFideId "1119290"]
[WhiteElo "2508"]
[BlackElo "2669"]
[WhiteTeam "GER"]
[BlackTeam "POL"]
[WhiteClock "0:00:36"]
[BlackClock "0:00:04"]

1. Nf3 d5 2. e3 Nf6 3. b3 Bf5 4. Be2 e6 5. Bb2 h6 6. d3 c5 7. O-O Nc6 8. Nbd2 Be7 9. Ne5 Nxe5 10. Bxe5 O-O 11. c4 Bh7 12. Qc2 Qb6 13. Rac1 Rac8 14. Qb2 Rfd8 15. Rfd1 Ne8 16. Nf3 Bf6 17. Bxf6 Nxf6 18. Ne5 d4 19. e4 a5 20. Rb1 Ra8 21. f4 Qc7 22. g3 Ne8 23. a3 f6 24. Nf3 Nd6 25. b4 axb4 26. axb4 b6 27. bxc5 bxc5 28. Qb6 Qxb6 29. Rxb6 Kf7 30. Rdb1 Ke7 31. Kf2 Rdc8 32. g4 Rc7 33. Rb8 Rxb8 34. Rxb8 Rc8 35. Rxc8 Nxc8 36. Bd1 Nb6 37. Bb3 Kd6 38. h4 e5 39. f5 Bg8 40. g5 hxg5 41. hxg5 Bf7 42. g6 Be8 43. Nd2 Ke7 44. Ke2 Bc6 45. Kd1 Kd6 46. Kc2 Kc7 47. Nf1 Kd6 48. Ng3 Ke7 49. Nh5 Kf8 50. Kb2 Bd7 51. Ka3 Bc6 52. Ng3 Ke8 53. Nh1 Ke7 54. Nf2 Kf8 55. Nd1 Ke7 56. Nb2 Kd6 57. Ba4 Bb7 58. Bb5 Ke7 59. Nd1 Bc8 60. Nf2 Bb7 61. Nh1 Bc8 62. Ng3 Bb7 63. Nh5 Kf8 64. Kb3 Bc8 65. Bc6 Ba6 66. Ng3 Bc8 67. Ne2 Ke7 68. Nc1 Ba6 69. Ka3 Kd6 70. Bd5 Nxd5 71. cxd5 c4 72. dxc4 Bxc4 73. Kb4 Bf1 74. Nb3 Bg2 75. Nd2 Bh1 76. Kc4 Bg2 77. Kd3 Kc5 78. Nb3+ Kd6 79. Nd2 Kc5 80. Nb3+ Kd6 81. Nd2 1/2-1/2

[Event "December 5 Late 2023"]
[Site "https://www.chess.com"]
[Date "2023.12.05"]
[Round "7"]
[White "Minko, Dmitry"]
[Black "Apoorv Kamble"]
[Result "0-1"]
[Board "42"]
[TimeControl "180+1"]
[WhiteFideId "24188468"]
[BlackFideId "25683012"]
[WhiteElo "2500"]
[BlackElo "2661"]
[WhiteTeam "FID"]
[BlackTeam "IND"]
[WhiteClock "0:00:06"]
[BlackClock "0:01:44"]

1. e4 c5 2. Nf3 d6 3. d4 cxd4 4. Nxd4 Nf6 5. Nc3 g6 6. Be3 Bg7 7. f3 O-O 8. Qd2 Nc6 9. O-O-O d5 10. Qe1 e5 11. Nxc6 bxc6 12. exd5 Nxd5 13. Bc4 Be6 14. h4 h6 15. Bc5 Re8 16. Kb1 Rb8 17. Bb3 a5 18. g4 e4 19. Qxe4 Bxc3 20. h5 Qf6 21. hxg6 Bxb2 22. Rxd5 cxd5 23. gxf7+ Bxf7 24. Qd3 a4 25. g5 Qc3 26. Qf5 axb3 27. axb3 Ba1 28. Ba3 Rxb3+ 0-1

[Event "December 5 Late 2023"]
[Site "https://www.chess.com"]
[Date "2023.12.05"]
[Round "7"]
[White "Zavgorodniy, Sergiy"]
[Black "Wanyama, Harold"]
[Result "1/2-1/2"]
[Board "43"]
[TimeControl "180+1"]
[WhiteFideId "14110148"]
[BlackFideId "10000380"]
[WhiteElo "2660"]
[BlackElo "2482"]
[WhiteTeam "UKR"]
[BlackTeam "UGA"]
[WhiteClock "0:00:19"]
[BlackClock "0:00:19"]

1. d4 d5 2. c4 e6 3. Nf3 Nf6 4. e3 Be7 5. Nbd2 O-O 6. Bd3 b6 7. O-O Bb7 8. Qe2 a6 9. e4 dxe4 10. Nxe4 Nbd7 11. Rd1 Qc8 12. b3 c5 13. Bb2 Re8 14. Neg5 h6 15. Ne4 cxd4 16. Nxd4 Bf8 17. Nf3 e5 18. Re1 Nxe4 19. Bxe4 Bxe4 20. Qxe4 Nc5 21. Qc2 e4 22. Nd4 Nd3 23. Re2 Nxb2 24. Qxb2 g6 25. Rae1 f5 26. Nc2 Bg7 27. Qa3 Qc6 28. Ne3 b5 29. Rc2 Kh7 30. Nd5 Rad8 31. Rec1 bxc4 32. bxc4 Rd7 33. Qg3 Red8 34. h4 h5 35. Kh1 a5 36. Qb3 a4 37. Qg3 Bh6 38. Rb1 Rxd5 39. cxd5 Qxc2 40. Rb7+ Kh8 41. Qxg6 Qc1+ 42. Kh2 Qf4+ 43. Kh1 Qc1+ 44. Kh2 Qf4+ 45. Kh1 Qc1+ 1/2-1/2

[Event "December 5 Late 2023"]
[Site "https://www.chess.com"]
[Date "2023.12.05"]
[Round "7"]
[White "Dmitrenko, Viktor"]
[Black "Tokhirjonova, Gulrukhbegim"]
[Result "1-0"]
[Board "44"]
[TimeControl "180+1"]
[WhiteFideId "14110270"]
[BlackFideId "14203626"]
[WhiteElo "2441"]
[BlackElo "2656"]
[WhiteTeam "UKR"]
[BlackTeam "USA"]
[WhiteClock "0:00:07"]
[BlackClock "0:00:08"]

1. d4 Nf6 2. Nf3 e6 3. c4 d5 4. Nc3 Be7 5. Bg5 O-O 6. e3 b6 7. Bd3 Ba6 8. Ne5 dxc4 9. Nxc4 Nbd7 10. O-O c5 11. Be2 Rc8 12. Qa4 Bb7 13. dxc5 Bxc5 14. Rfd1 Bc6 15. Qa6 Qc7 16. Nb5 Bxb5 17. Qxb5 h6 18. Bf4 e5 19. Bg3 Rfe8 20. Rac1 Qb7 21. Bf3 e4 22. Be2 a6 23. Qb3 Nf8 24. Bd6 Re6 25. Bxc5 Rxc5 26. Qa3 Qc8 27. b3 b5 28. Nb6 b4 29. Nxc8 bxa3 30. Rxc5 N8d7 31. Rc7 Ne5 32. Nd6 g5 33. Rc8+ Kg7 34. h3 Nfd7 35. Nf5+ Kf6 36. Nd6 Kg6 37. Nxe4 Nb6 38. Ng3 h5 39. Rb8 h4 40. Ne4 f5 41. Nc5 Rc6 42. Nd3 Nf7 43. Nb4 Rf6 44. Rb7 Ne5 45. Nd5 Nxd5 46. Rxd5 Nc6 47. Rc5 a5 48. Rb6 Nb4 49. Rxf6+ Kxf6 50. Rxa5 Nxa2 51. Rxa3 Nc1 52. Ra6+ Ke5 53. Bc4 f4 54. Ra5+ Kf6 55. exf4 gxf4 56. f3 Ke7 57. Kf2 Kd6 58. Ke1 1-0

[Event "December 5 Late 2023"]
[Site "https://www.chess.com"]
[Date "2023.12.05"]
[Round "7"]
[White "Zhou, Qiyu"]
[Black "Sturt, Raven"]
[Result "0-1"]
[Board "45"]
[TimeControl "180+1"]
[WhiteFideId "505161"]
[BlackFideId "2007304"]
[WhiteElo "2439"]
[BlackElo "2655"]
[WhiteTeam "CAN"]
[BlackTeam "USA"]
[WhiteClock "0:00:02"]
[BlackClock "0:00:52"]

1. e4 e5 2. Nf3 Nc6 3. Bb5 f5 4. exf5 e4 5. Qe2 Qe7 6. Bxc6 dxc6 7. Nd4 Qe5 8. Nb3 Bd6 9. Nc3 Nf6 10. d4 exd3 11. Qxe5+ Bxe5 12. cxd3 Bxf5 13. O-O O-O-O 14. Be3 Bxd3 15. Rfe1 Ng4 16. h3 Nxe3 17. Rxe3 Bf6 18. Rd1 Bc2 19. Rde1 b6 20. R1e2 Bd3 21. Re1 c5 22. Nc1 Bc2 23. R1e2 Bg6 24. Kh2 Kb7 25. Ne4 Bd4 26. Rf3 Rhe8 27. Nc3 Be5+ 28. Kg1 Bxc3 29. Rxc3 Rxe2 30. Nxe2 Rd2 31. Nf4 Rxb2 32. Re3 Rxa2 33. Re7 Rd2 34. Ne6 a5 35. Nxc7 Kc6 36. Ne6 Rd7 37. Rxd7 Kxd7 38. Nf4 a4 39. Ne2 a3 40. Nc3 b5 41. Nxb5 a2 42. Nc3 a1=Q+ 0-1

[Event "December 5 Late 2023"]
[Site "https://www.chess.com"]
[Date "2023.12.05"]
[Round "7"]
[White "Chaika, Vitalii"]
[Black "Cieslak, Patryk"]
[Result "0-1"]
[Board "46"]
[TimeControl "180+1"]
[WhiteFideId "14111802"]
[BlackFideId "21078882"]
[WhiteElo "2424"]
[BlackElo "2651"]
[WhiteTeam "UKR"]
[BlackTeam "POL"]
[WhiteClock "0:00:00"]
[BlackClock "0:00:09"]

1. d4 g6 2. Bf4 Bg7 3. e3 c5 4. c3 Qb6 5. Qb3 Nc6 6. Nd2 Qxb3 7. axb3 cxd4 8. exd4 d6 9. Ngf3 Nf6 10. Be2 O-O 11. O-O Nd7 12. b4 e5 13. dxe5 dxe5 14. Be3 Ne7 15. Bxa7 Bh6 16. Nc4 e4 17. Nd4 Nd5 18. Nb5 b6 19. Ncd6 Ne5 20. c4 Nf4 21. Bd1 Bd7 22. Nc7 Nc6 23. Nxa8 Rxa8 24. Nb5 Bg7 25. Bc2 Bxb2 26. Ra2 Be5 27. Bxe4 Re8 28. Bxb6 Nxb4 29. Ra7 Bc6 30. Bxc6 Nxc6 31. Ra2 Bb8 32. g3 Ne2+ 33. Kg2 f5 34. Bc7 Bxc7 35. Nxc7 Rc8 36. Rxe2 Rxc7 37. Rfe1 Kf7 38. Ra2 Nd4 39. Rc1 Ne6 40. Ra4 Nc5 41. Ra5 Nb3 42. Raa1 Nxa1 43. Rxa1 Rxc4 44. Ra7+ Kg8 45. h4 Rc2 46. Kf3 Rc3+ 47. Kf4 h6 48. f3 Rc4+ 49. Ke5 Rc5+ 50. Kf6 Rc6+ 51. Ke5 Rc5+ 52. Kd4 Rb5 53. h5 gxh5 54. Rc7 Rb3 55. Ke5 Rxf3 56. Kf6 Rxg3 57. Rc8+ Kh7 58. Rc7+ Kh8 59. Kxf5 h4 60. Rc8+ Kh7 61. Rc7+ Rg7 62. Rc3 h3 63. Rxh3 Rf7+ 64. Kg4 Kg6 65. Ra3 Rf6 66. Ra5 Rb6 67. Kg3 Rb3+ 68. Kg4 Rb4+ 69. Kg3 Rc4 70. Kg2 h5 71. Ra6+ Kg5 72. Ra5+ Kg4 73. Ra8 Rc2+ 74. Kg1 Kg3 75. Rg8+ Kh3 76. Rh8 Rc1+ 77. Kf2 Rc5 78. Kg1 h4 79. Kf2 Rc1 80. Rg8 Rb1 81. Kf3 Kh2 82. Kf2 Rb2+ 83. Kf3 h3 84. Rg7 Rg2 85. Rh7 Rg3+ 86. Kf2 Rg8 87. Rh6 Rf8+ 88. Ke2 Rf4 89. Rh5 Kg3 90. Rh8 h2 0-1

[Event "December 5 Late 2023"]
[Site "https://www.chess.com"]
[Date "2023.12.05"]
[Round "7"]
[White "Hong, Andrew"]
[Black "Manukyan, Sargis A."]
[Result "1/2-1/2"]
[Board "47"]
[TimeControl "180+1"]
[WhiteFideId "2099438"]
[BlackFideId "13303970"]
[WhiteElo "2842"]
[BlackElo "2584"]
[WhiteTeam "USA"]
[BlackTeam "ARM"]
[WhiteClock "0:00:02"]
[BlackClock "0:00:05"]

1. c4 e6 2. e4 c5 3. Nc3 Nc6 4. Nf3 Nf6 5. d4 cxd4 6. Nxd4 d6 7. Be3 Be7 8. Be2 O-O 9. O-O a6 10. Rc1 Nxd4 11. Bxd4 Bd7 12. b3 Bc6 13. f3 Qd7 14. Rf2 b5 15. Be3 b4 16. Na4 Bxa4 17. bxa4 a5 18. Bf1 Rfc8 19. Rd2 Qc6 20. g4 Nd7 21. g5 Nc5 22. h4 Nxa4 23. h5 Bxg5 24. f4 Be7 25. Bd3 Nc3 26. Qg4 Nxe4 27. Rg2 Bf6 28. f5 d5 29. Re1 Nc5 30. Bb1 dxc4 31. Bh6 exf5 32. Qg3 g6 33. hxg6 fxg6 34. Bxf5 Bd4+ 35. Kh1 Nd3 36. Bxd3 cxd3 37. Qxd3 Bg7 38. Qb3+ Qc4 39. Re8+ Kf7 40. Qxc4+ Rxc4 41. Rxa8 Bxh6 42. Rf2+ Ke6 43. Ra6+ Kd5 44. Rxa5+ Ke4 45. Ra7 Be3 46. Re7+ Kd3 47. Rf3 Rc1+ 48. Kg2 Re1 49. Rxh7 Rg1+ 50. Kh2 Re1 51. Rd7+ Ke4 52. Rff7 Bf4+ 53. Kg2 Be5 54. Rf2 Re3 55. Rc2 g5 56. Rd1 Bc3 57. Rb1 g4 58. Rh1 Kd3 59. Rf2 g3 60. Rf3 Rxf3 61. Kxf3 Be5 62. Rb1 Kc3 63. Rb3+ Kc4 64. Re3 Bd4 65. Re4 Kd3 66. Rg4 Bc5 67. Rxg3 Kc2 68. Ke4 Kb2 69. Kd5 Be7 70. Rg2+ Ka3 71. Kc4 Bf6 72. Rg6 Bc3 73. Ra6+ Kb2 74. Kd3 Be1 75. Kc4 Bc3 76. Ra8 Be1 77. Kd3 Bc3 78. a4 bxa3 79. Rb8+ Kc1 80. Kxc3 a2 81. Ra8 Kb1 82. Rb8+ Kc1 83. Ra8 Kb1 84. Kb3 a1=Q 85. Rxa1+ Kxa1 1/2-1/2

[Event "December 5 Late 2023"]
[Site "https://www.chess.com"]
[Date "2023.12.05"]
[Round "7"]
[White "Mekhitarian, Krikor Sevag"]
[Black "Rangel, Daniel"]
[Result "1-0"]
[Board "48"]
[TimeControl "180+1"]
[WhiteFideId "2107660"]
[BlackFideId "2124475"]
[WhiteElo "2829"]
[BlackElo "2557"]
[WhiteTeam "BRA"]
[BlackTeam "BRA"]
[WhiteClock "0:00:39"]
[BlackClock "0:00:02"]

1. Nf3 Nf6 2. c4 e6 3. Nc3 d5 4. cxd5 exd5 5. d4 Be7 6. Bf4 O-O 7. e3 c6 8. Bd3 Re8 9. h3 Nbd7 10. Qc2 Bf8 11. Ng5 g6 12. O-O-O b5 13. h4 Nb6 14. h5 h6 15. hxg6 hxg5 16. gxf7+ Kxf7 17. Bxg5 Bg7 18. Ne2 Rh8 19. Nf4 Ke7 20. Ng6+ Kd7 21. Nxh8 Kc7 22. Nf7 Qf8 23. Bf4+ Kb7 24. Nd6+ Ka6 25. Qxc6 Bd7 26. Bxb5+ 1-0

[Event "December 5 Late 2023"]
[Site "https://www.chess.com"]
[Date "2023.12.05"]
[Round "7"]
[White "Brodsky, David"]
[Black "aksuliini1"]
[Result "1-0"]
[Board "49"]
[TimeControl "180+1"]
[WhiteFideId "2073250"]
[WhiteElo "2781"]
[BlackElo "2565"]
[WhiteTeam "USA"]
[WhiteClock "0:00:35"]
[BlackClock "0:00:11"]

1. d4 Nf6 2. c4 e6 3. Nc3 Bb4 4. e3 O-O 5. Bd2 d5 6. Nf3 b6 7. cxd5 exd5 8. Bd3 Bb7 9. O-O Re8 10. Ne5 Nbd7 11. f4 c5 12. Rf3 Ne4 13. Rh3 Bxc3 14. Bxc3 g6 15. Bxe4 Nxe5 16. fxe5 dxe4 17. Qe2 a5 18. Qf2 Bc8 19. Rf1 Ra7 20. Rh4 Bf5 21. Rf4 Qg5 22. d5 b5 23. b3 c4 24. bxc4 bxc4 25. h4 Qh5 26. g4 Bxg4 27. Rxf7 Raa8 28. Qf6 1-0

[Event "December 5 Late 2023"]
[Site "https://www.chess.com"]
[Date "2023.12.05"]
[Round "7"]
[White "Erzhanov, Arman"]
[Black "Troff, Kayden"]
[Result "0-1"]
[Board "50"]
[TimeControl "180+1"]
[WhiteFideId "4138821"]
[BlackFideId "2047896"]
[WhiteElo "2536"]
[BlackElo "2780"]
[WhiteTeam "KAZ"]
[BlackTeam "USA"]
[WhiteClock "0:00:06"]
[BlackClock "0:00:52"]

1. e4 c5 2. Nf3 g6 3. d4 cxd4 4. Qxd4 Nf6 5. Nc3 Nc6 6. Qa4 d6 7. e5 dxe5 8. Nxe5 Bd7 9. Nxd7 Nxd7 10. Be3 Bg7 11. Rd1 O-O 12. Be2 Nb6 13. Qh4 Qc8 14. O-O Qf5 15. Bd3 Qa5 16. Bh6 Rfd8 17. Bxg7 Kxg7 18. Rfe1 Rd4 19. Re4 Rad8 20. Rde1 Na4 21. Nxa4 Qxe1+ 22. Rxe1 Rxh4 23. Nc5 e6 24. a3 Rhd4 25. Kf1 b6 26. Nb3 R4d6 27. Re4 f5 28. Ra4 e5 29. f3 a5 30. Rc4 Kf6 31. Kf2 Rc8 32. Ke3 Ne7 33. Rxc8 Nxc8 34. Nd2 Rc6 35. c3 Nd6 36. c4 a4 37. Bf1 Rc5 38. Kd3 b5 39. cxb5 Nxb5 40. Be2 Rc1 41. Nc4 Nd4 42. Ne3 Rb1 43. Nc4 Re1 44. f4 exf4 45. Kxd4 Rxe2 46. Nb6 Rxb2 47. Nxa4 Rxg2 48. Nc3 f3 49. Ke3 Rc2 50. Nd1 Ra2 51. Kxf3 Rxa3+ 52. Kg2 g5 53. Nf2 h5 54. Nd1 f4 55. Nf2 Kf5 56. Nd1 Rd3 57. Nf2 Rd2 58. Kg1 g4 59. Kf1 h4 60. Kg1 g3 61. hxg3 hxg3 0-1

[Event "December 5 Late 2023"]
[Site "https://www.chess.com"]
[Date "2023.12.05"]
[Round "7"]
[White "Vazquez, Facundo"]
[Black "Pesotskiy, Mikhail"]
[Result "1-0"]
[Board "51"]
[TimeControl "180+1"]
[WhiteFideId "3007669"]
[BlackFideId "34164453"]
[WhiteElo "2712"]
[BlackElo "2527"]
[WhiteTeam "URU"]
[BlackTeam "RUS"]
[WhiteClock "0:01:49"]
[BlackClock "0:01:24"]

1. d4 Nf6 2. c4 e6 3. g3 Bb4+ 4. Bd2 a5 5. Nf3 b6 6. Bg2 Bb7 7. O-O O-O 8. Bf4 Be7 9. Nc3 Ne4 10. Qc2 Nxc3 11. Qxc3 Be4 12. Rad1 d6 13. Qe3 Bb7 14. h4 Nd7 15. Qd3 Nf6 16. Nd2 Bxg2 17. Kxg2 c5 18. dxc5 bxc5 19. Nf3 Qb6 20. Qc2 Rab8 21. b3 Rfd8 22. Rb1 Qc6 23. Rfd1 Rb4 24. Bd2 Rb7 25. Bxa5 Ra8 26. Bc3 Rba7 27. a4 Ne4 28. Bb2 Rb7 29. Rd3 Rab8 30. Rbd1 Rb4 31. Ba3 R4b6 32. Bc1 Qb7 33. a5 Rxb3 34. a6 1-0

[Event "December 5 Late 2023"]
[Site "https://www.chess.com"]
[Date "2023.12.05"]
[Round "7"]
[White "Djokic, Mihailo"]
[Black "Keleberda, Tymur"]
[Result "1/2-1/2"]
[Board "52"]
[TimeControl "180+1"]
[WhiteFideId "976440"]
[BlackFideId "14174294"]
[WhiteElo "2711"]
[BlackElo "2507"]
[WhiteTeam "SRB"]
[BlackTeam "CAN"]
[WhiteClock "0:00:44"]
[BlackClock "0:00:24"]

1. e4 c5 2. Nf3 d6 3. d4 cxd4 4. Nxd4 Nf6 5. Nc3 a6 6. Rg1 e5 7. Nb3 h5 8. h3 h4 9. Be3 Be7 10. Qf3 Be6 11. O-O-O Nbd7 12. Nd5 Bxd5 13. exd5 b5 14. g4 hxg3 15. fxg3 Rc8 16. g4 g6 17. g5 Nh5 18. Bd3 Nf4 19. Bxf4 exf4 20. Qxf4 Ne5 21. Kb1 Rxh3 22. Be4 Rc4 23. Rh1 Bxg5 24. Qf2 Rxh1 25. Rxh1 Ke7 26. Bd3 Nxd3 27. cxd3 Rf4 28. Qa7+ Kf6 29. Qxa6 Kg7 30. Qxb5 Rf2 31. d4 Qc8 32. Qd3 Qg4 33. Rf1 Rxf1+ 34. Qxf1 Qe4+ 35. Ka1 Qxd5 36. Qd1 Be3 37. a4 f5 38. Ka2 f4 39. Qe2 Qe4 40. Qg4 f3 41. Qxe4 1/2-1/2

[Event "December 5 Late 2023"]
[Site "https://www.chess.com"]
[Date "2023.12.05"]
[Round "7"]
[White "Dobre, Claudiu-Cristian"]
[Black "Bolourchifard, Farzad"]
[Result "0-1"]
[Board "53"]
[TimeControl "180+1"]
[WhiteFideId "1211854"]
[BlackFideId "12510084"]
[WhiteElo "2503"]
[BlackElo "2706"]
[WhiteTeam "ROU"]
[BlackTeam "IRI"]
[WhiteClock "0:00:00"]
[BlackClock "0:00:20"]

1. d4 Nf6 2. Nf3 e6 3. Bg5 d5 4. e3 c5 5. c3 Nc6 6. Nbd2 Be7 7. Bd3 h6 8. Bh4 Nh5 9. Bxe7 Qxe7 10. Ne5 Nxe5 11. dxe5 Qg5 12. g4 d4 13. gxh5 dxe3 14. fxe3 Qh4+ 15. Ke2 Qxh5+ 16. Nf3 Bd7 17. Qc2 O-O-O 18. Rhg1 g5 19. Rg2 f5 20. Kf2 Bc6 21. Ng1 Rhf8 22. Kf1 Bxg2+ 23. Kxg2 f4 24. e4 f3+ 25. Kh1 f2 26. Be2 fxg1=Q+ 27. Rxg1 Qh4 0-1

[Event "December 5 Late 2023"]
[Site "https://www.chess.com"]
[Date "2023.12.05"]
[Round "7"]
[White "Della Morte, German"]
[Black "Panesar Vedant"]
[Result "1/2-1/2"]
[Board "54"]
[TimeControl "180+1"]
[WhiteFideId "113522"]
[BlackFideId "35033018"]
[WhiteElo "2475"]
[BlackElo "2701"]
[WhiteTeam "ARG"]
[BlackTeam "IND"]
[WhiteClock "0:00:47"]
[BlackClock "0:00:04"]

1. e4 e5 2. Nf3 Nc6 3. Bb5 a6 4. Ba4 Nf6 5. Nc3 b5 6. Bb3 Bc5 7. d3 d6 8. h3 h6 9. O-O O-O 10. Be3 Bxe3 11. fxe3 Na5 12. Nd5 Nxb3 13. Nxf6+ Qxf6 14. axb3 Qe7 15. Qe1 f5 16. exf5 Bxf5 17. e4 Bd7 18. Qg3 Rf6 19. Nh4 Rxf1+ 20. Kxf1 Qg5 21. Qxg5 hxg5 22. Nf3 g4 23. hxg4 Bxg4 24. Kf2 Kf7 25. Ke3 Ke7 26. c4 Rb8 27. Nd2 Bc8 28. Rh1 Bb7 29. Rh7 Kf7 30. Rh3 Bc6 31. Rf3+ Kg8 32. Rf1 a5 33. Ra1 Ra8 34. Nb1 b4 35. Nd2 Kf7 36. Rf1+ Ke6 37. Rh1 a4 38. bxa4 Rxa4 39. Rh7 Kf7 40. b3 Ra1 41. Rh3 Bd7 42. Rf3+ Kg8 43. Rf1 Ra8 44. d4 exd4+ 45. Kxd4 Ra2 46. Rf2 Bg4 47. c5 Be6 48. cxd6 cxd6 49. Ke3 Rb2 50. Nc4 Rxb3+ 51. Kd4 Bxc4 52. Kxc4 Re3 53. Kd4 Rg3 54. Rb2 b3 55. Kd5 Kf7 56. Kxd6 Rd3+ 57. Ke5 Ke7 58. g4 Kd7 59. Rf2 Ke7 60. g5 Rc3 61. Kf5 Rc2 62. Rf3 Rc5+ 63. Kg6 Rb5 64. Rf7+ Ke6 65. Rf1 b2 66. Rb1 Ke7 67. e5 Ke6 68. Kxg7 Kf5 69. g6 Rb7+ 70. Kh6 Kxe5 71. g7 Rb8 72. Kh7 Kd4 73. Rxb2 Rxb2 74. g8=Q Rh2+ 75. Kg7 Rg2+ 76. Kf7 Rxg8 77. Kxg8 1/2-1/2